 Dungeon Crawl Stone Soup version 0.16-a0-4113-g7d8e295 (webtiles) character file.

305 MDvedh the Cutter (level 6, -4/39 HPs)
             Began as a Halfling Assassin on Feb 28, 2015.
             Slain by Kaesh's ghost (18 damage)
             ... on level 4 of the Dungeon.
             The game lasted 00:09:49 (4011 turns).

MDvedh the Cutter (Halfling Assassin)               Turns: 4011, Time: 00:09:49

Health: -4/39      AC:  4    Str: 11    XL:     6   Next: 66%
Magic:  6/6        EV: 14    Int: 10    God:
Gold:   160        SH:  0    Dex: 18    Spells: 0 memorised, 5 levels left

rFire  . . .     SeeInvis .     a - +2 dagger
rCold  . . .     Clarity  .     c - +0 robe
rNeg   . . .     SustAb   .     (no shield)
rPois  .         Gourm    .     (no helmet)
rElec  .         Spirit   .     d - +0 cloak
rCorr  .         Warding  .     x - +0 pair of gloves
rMut   .         Stasis   .     (no boots)
MR     .....                    l - amulet of faith
Stlth  ++++......               (no ring)
                                (no ring)

@: not resistant to hostile enchantments, stealthy
A: mutation resistance 1
a: no special abilities


You were on level 4 of the Dungeon.
You were not hungry.

You visited 1 branch of the dungeon, and saw 4 of its levels.

You collected 160 gold pieces.

Inventory:

Hand weapons
 a - a +2 dagger (weapon)
 b - a +0 blowgun
Missiles
 f - 18 poisoned needles
Armour
 c - a +0 robe (worn)
 d - a +0 cloak (worn)
 i - a +0 buckler
 x - a +0 pair of gloves (worn)
 D - a +0 leather armour
Jewellery
 l - an amulet of faith (around neck)
Magical devices
 u - a wand of magic darts (21)
Scrolls
 e - a scroll of noise {unknown}
 k - a scroll of recharging {unknown}
 n - a scroll of teleportation {unknown}
 r - 3 scrolls of remove curse {unknown}
 v - a scroll of fog {unknown}
 w - 2 scrolls of identify {unknown}
 C - a scroll of blinking {unknown}
Potions
 j - 2 potions of restore abilities {unknown}
 m - a potion of mutation {unknown}
 o - a potion of invisibility {unknown}
 q - a potion of lignification {unknown}
 t - a potion of haste {unknown}
 A - a potion of berserk rage {unknown}
Books
 y - a book of Geomancy

   Spells                             Type                      Level
   a - Sandblast                      Earth                        1
   b - Stoneskin                      Transmutation/Earth          2
   c - Passwall                       Transmutation/Earth          3
   d - Stone Arrow                    Conjuration/Earth            3
   e - Petrify                        Transmutation/Earth          4
   f - Lee's Rapid Deconstruction     Earth                        5
Comestibles
 g - 6 bread rations
 h - 4 meat rations
 p - a beef jerky
 s - a slice of pizza
 z - a chunk of flesh
 B - a royal jelly


   Skills:
 - Level 1.7 Fighting
 * Level 7.5 Short Blades
 - Level 2.6 Throwing
 - Level 1.1 Dodging
 + Level 5.8 Stealth


You had 5 spell levels left.
You didn't know any spells.

Dungeon Overview and Level Annotations

Branches:
Dungeon (4/15)
 Temple: D:4-7

Altars:

Annotations:
D:4 Kaesh's ghost, experienced TrMo


Innate Abilities, Weirdness & Mutations

You are small and have problems with some larger weapons.
You are somewhat resistant to further mutation.


Message History

There is a stone staircase leading up here.
You see here a rat corpse.
You see here 15 arrows.
Kaesh's ghost wails, "What do you have that I didn't have?"
Kaesh's ghost shouts, "You will join me soon!"
Things that are here:
a leather armour; an orc skeleton
D - a leather armour Kaesh's ghost screams, "Zot is a myth, the ORB is a fable, you'll soon be a tale!"
Kaesh's ghost hits you! Kaesh's ghost hits you!
Kaesh's ghost hits you but does no damage.
Kaesh's ghost lets out a mournful wail.
You see here a short sword.
Kaesh's ghost feints to the left.
Kaesh's ghost hits you.
You see here a dagger.
There is a stone staircase leading up, spattered with blood here.
Kaesh's ghost hits you!!
You die...

.# #.# .# ##.# .# #..#
.# ###..## ##### .##
##....)#### #.#.#
..###(.##.....# ##..##
.....#####....###...#
###### #.........##
#.....W@.## #.....)..#
#.......###
#.........#########
#...............(.## #
#....##....<######..###.
....########### ##†.##..
..... #..# #. .... ##.##


You could see Kaesh's ghost.

Vanquished Creatures
  A giant frog zombie (D:4)
  An orc wizard (D:4)
  An orc priest (D:3)
  A hound (D:4)
  Jessica (D:2)
  4 gnolls
  5 adders
  A worm (D:2)
  2 giant geckos
  An ooze (D:3)
  6 orcs
  7 goblins
  5 hobgoblins
  5 jackals
  11 kobolds
  A quokka (D:3)
  A ball python (D:2)
  5 bats
  2 giant cockroaches (D:2)
  6 giant newts
  13 rats
80 creatures vanquished.

Notes
Turn   | Place    | Note
--------------------------------------------------------------
     0 | D:1      | MDvedh, the Halfling Assassin, began the quest for the Orb.
     0 | D:1      | Reached XP level 1. HP: 14/14 MP: 1/1
    82 | D:1      | Reached XP level 2. HP: 8/19 MP: 2/2
   490 | D:1      | Reached XP level 3. HP: 24/24 MP: 3/3
  1243 | D:2      | Reached skill level 5 in Short Blades
  1399 | D:2      | Reached XP level 4. HP: 29/29 MP: 4/4
  1805 | D:2      | Noticed Jessica
  1808 | D:2      | Killed Jessica
  1852 | D:2      | Reached skill level 5 in Stealth
  1915 | D:2      | Reached XP level 5. HP: 18/34 MP: 5/5
  1949 | D:2      | Reached skill level 6 in Short Blades
  3050 | D:3      | Reached XP level 6. HP: 26/39 MP: 6/6
  3533 | D:4      | Reached skill level 7 in Short Blades
  3943 | D:4      | Noticed Kaesh's ghost (experienced TrMo)
  4011 | D:4      | Slain by Kaesh's ghost

Action                   |  1- 3 |  4- 6 || total
-------------------------+-------+-------++-------
Melee: Dagger            |    92 |   199 ||   291
 Fire: Blowgun           |     3 |    22 ||    25
 Stab: Sleeping          |     6 |    10 ||    16
       Distracted        |       |     1 ||     1
  Eat: Chunk             |     1 |     6 ||     7
       Fruit             |       |     3 ||     3
